 Dungeon Crawl Stone Soup version 0.31-a0-667-g39726597b9 (webtiles) character file.

Game seed: 17720157732966879584

1358340 Xenophilius the Acrobat (level 27, 161/161 HPs)
             Began as a Tengu Hedge Wizard on Sept 3, 2023.
             Was the Champion of Makhleb.
             Escaped with the Orb
             ... and 3 runes on Sept 4, 2023!
             The game lasted 11:57:10 (118175 turns).

Xenophilius the Acrobat (Tengu Hedge Wizard)      Turns: 118175, Time: 11:57:11

Health: 161/161    AC:  9    Str: 15      XL:     27
Magic:  45/45      EV: 41    Int: 27 (28) God:    Makhleb [******]
Gold:   5520       SH: 15    Dex: 23      Spells: 1/50 levels left

rFire   + + .        a - +9 quick blade (drain)
rCold   + . .        V - +3 buckler {rF+}
rNeg    + + .        C - +5 moon troll leather armour {Spirit, Regen++ MP+5}
rPois   +            c - -2 hat of the Alchemist {rElec rPois rF+ rC+ rN+ Will+ rMut rCorr}
rElec   +            X - scarf {repulsion}
rCorr   +            S - +2 pair of gloves {hurl}
SInv    +            (boots unavailable)
Will    +++++        R - amulet of reflection
Stlth   +            P - ring "Ynolumek" {Fly rN+ Will+ Int+3 Dex+3}
HPRegen 2.06/turn    D - ring "Odghurch" {EV+5 Dex+3, =R}
MPRegen 0.29/turn

%: repel missiles, reflection, acrobat, resist mutation, guardian spirit
@: flying, studying Ranged Weapons
A: beak, talons 3, evasive flight, acrobatic, see invisible, agile 1, frail 1,
strong-willed 1, screaming 1, strong 1
0: Orb of Zot
}: 3/15 runes: decaying, slimy, gossamer
a: Renounce Religion, Minor Destruction, Lesser Servant of Makhleb, Major
Destruction, Greater Servant of Makhleb


You escaped.
You worshipped Makhleb.
Makhleb was exalted by your worship.
You visited 11 branches of the dungeon, and saw 54 of its levels.
You also visited: Trove and Wizlab.

You collected 11832 gold pieces.
You spent 6312 gold pieces at shops.

Inventory:

Hand Weapons
 a - a +9 quick blade of draining (weapon)
 b - a +9 double sword of holy wrath
Missiles
 G - 5 throwing nets (quivered)
 N - 18 curare-tipped darts
Armour
 c - the -2 hat of the Alchemist (worn) {rElec rPois rF+ rC+ rN+ Will+ rMut rCorr}
   (You found it in a wizard's laboratory)

   rF+:       It protects you from fire.
   rC+:       It protects you from cold.
   rElec:     It insulates you from electricity.
   rPois:     It protects you from poison rN+: It protects you from negative
   energy.
   Will+:     It increases your willpower.
   rCorr:     It protects you from acid and corrosion.
   rMut:      It protects you from mutation.
 C - the +5 moon troll leather armour (worn) {Spirit, Regen++ MP+5}
   (You found it on level 5 of the Pits of Slime)

   MP+5:      It affects your magic capacity (+5).
   Regen++:   It increases your rate of health regeneration.
 S - a +2 pair of gloves of hurling (worn)
 V - a +3 buckler of fire resistance (worn)
 X - a scarf of repulsion (worn)
Magical Staves
 w - a staff of death
Jewellery
 h - the ring of the Scarab {+Blink rC+}
   (You found it on level 5 of the Pits of Slime)

   [ring of protection from cold]

   rC+:       It protects you from cold.
   +Blink:    It lets you blink.
 m - the ring "Pukas" {rF+ rN+}
   (You found it on level 3 of the Crypt)

   [ring of positive energy]

   rF+:       It protects you from fire.
   rN+:       It protects you from negative energy.
 q - the amulet "Ahat" {Spirit rCorr Int+3 Slay+2}
   (You found it on level 5 of the Pits of Slime)

   [amulet of guardian spirit]

   Spirit:    It causes incoming damage to be divided between your reserves of
   health and magic.
   Int+3:     It affects your intelligence (+3).
   Slay+2:    It affects your accuracy & damage with ranged weapons and melee
   (+2).
   rCorr:     It protects you from acid and corrosion.
 D - the ring "Odghurch" (right hand) {EV+5 Dex+3, =R}
   (You took it off a deep elf annihilator on level 3 of the Elven Halls)

   [ring of evasion]

   EV+5:      It affects your evasion (+5).
   Dex+3:     It affects your dexterity (+3).
 P - the ring "Ynolumek" (left hand) {Fly rN+ Will+ Int+3 Dex+3}
   (You found it on level 3 of the Crypt)

   [ring of positive energy]

   Int+3:     It affects your intelligence (+3).
   Dex+3:     It affects your dexterity (+3).
   rN+:       It protects you from negative energy.
   Will+:     It increases your willpower.
   Fly:       It grants you flight.
 R - an amulet of reflection (around neck)
Wands
 d - a wand of polymorph (15)
 g - a wand of light (35)
 l - a wand of charming (30)
 o - a wand of iceblast (54)
 J - a wand of digging (13)
 Y - a wand of mindburst (55)
Scrolls
 e - 24 scrolls of teleportation
 f - a scroll of revelation
 k - a scroll of silence
 n - 5 scrolls of butterflies
 x - 3 scrolls of fog
 y - 10 scrolls of blinking
 z - 10 scrolls of poison
 F - 6 scrolls of fear
 U - 8 scrolls of vulnerability
 W - 17 scrolls of immolation
Potions
 i - 18 potions of heal wounds
 j - a potion of haste
 r - 6 potions of magic
 s - 34 potions of curing
 t - 3 potions of invisibility
 u - 12 potions of might
 A - 18 potions of enlightenment
 I - 9 potions of lignification
 K - 7 potions of ambrosia
 L - 5 potions of berserk rage
 M - 2 potions of cancellation
 O - 23 potions of mutation
 Q - 6 potions of brilliance
 T - 8 potions of resistance
Miscellaneous
 p - a phial of floods
 v - a phantom mirror
 B - a tin of tremorstones (2/2)
 E - a sack of spiders
 Z - a lightning rod (4/4)


   Skills:
 + Level 20.1 Fighting
 - Level 8.0(12.6) Short Blades
 - Level 15.2(16.0) Long Blades
 - Level 4.0 Armour
 - Level 24.0 Dodging
 - Level 6.0 Stealth
 - Level 9.0 Shields
 - Level 12.0 Spellcasting
 - Level 12.0 Conjurations
 - Level 7.0 Hexes
 - Level 19.0 Summonings
 - Level 16.0 Necromancy
 - Level 9.0 Translocations
 - Level 12.0 Air Magic
 - Level 6.0 Earth Magic
 - Level 9.0 Poison Magic
 - Level 16.0 Invocations
 - Level 8.0 Evocations


You had one spell level left.
You knew the following spells:

 Your Spells              Type           Power      Damage    Failure   Level
b - Lesser Beckoning      Tloc           100%       N/A       1%          2
e - Vhi's Electric Charg  Tloc/Air       100%       N/A       1%          4
g - Passage of Golubria   Tloc           59%        N/A       1%          4
h - Haunt                 Necr/Summ      42%        N/A       3%          7
v - Borgnjor's Vile Clut  Necr/Erth      33%        N/A       1%          5
w - Passwall              Tmut/Erth      26%        N/A       2%          2
B - Blink                 Tloc           100%       N/A       1%          2
F - Summon Forest         Summ/Tloc      37%        N/A       1%          5
M - Iskenderun's Mystic   Conj/Tloc      64%        2d13      1%          4
Q - Silence               Hex/Air        30%        N/A       3%          5
S - Summon Lightning Spi  Summ/Air       79%        N/A       1%          4
V - Summon Mana Viper     Hex/Summ       72%        N/A       1%          5

Your spell library contained the following spells:

 Spells                   Type           Power      Damage    Failure   Level
 Kiss of Death            Conj/Necr      100%       2d13      0%          1
 Summon Small Mammal      Summ           100%       N/A       0%          1
 Apportation              Tloc           100%       N/A       1%          1
 Magic Dart               Conj           100%       1d8       1%          1
 Sandblast                Erth           96%        2d20      1%          1
 Shock                    Conj/Air       100%       1d9       1%          1
 Slow                     Hex            100%       N/A       1%          1
 Sting                    Tmut/Pois      100%       1d8       1%          1
 Freeze                   Ice            64%        1d7       5%          1
 Call Imp                 Summ           100%       N/A       0%          2
 Sublimation of Blood     Necr           80%        N/A       0%          2
 Call Canine Familiar     Summ           87%        N/A       0%          3
 Cigotuvi's Dreadful Rot  Necr/Pois/Air  100%       N/A       1%          2
 Ensorcelled Hibernation  Hex/Ice        70%        N/A       1%          2
 Momentum Strike          Conj/Tloc      100%       3d10      1%          2
 Poisonous Vapours        Pois/Air       100%       N/A       1%          2
 Searing Ray              Conj           100%       2d8       1%          2
 Static Discharge         Conj/Air       100%       2-7/arc   1%          2
 Confusing Touch          Hex            52%        N/A       1%          3
 Dazzling Flash           Conj/Hex       100%       N/A       1%          3
 Gell's Gravitas          Tloc           59%        N/A       1%          3
 Hailstorm                Conj/Ice       48%        3d11      1%          3
 Mephitic Cloud           Conj/Pois/Air  66%        N/A       1%          3
 Portal Projectile        Hex/Tloc       100%       N/A       1%          3
 Stone Arrow              Conj/Erth      100%       3d13      1%          3
 Summon Guardian Golem    Hex/Summ       72%        N/A       1%          3
 Swiftness                Air            69%        N/A       1%          3
 Teleport Other           Tloc           59%        N/A       1%          3
 Tukima's Dance           Hex            52%        N/A       1%          3
 Vampiric Draining        Necr           80%        2d11      1%          3
 Airstrike                Air            34%        2d(5-21)  1%          4
 Anguish                  Hex/Necr       33%        N/A       1%          4
 Animate Dead             Necr           80%        N/A       1%          4
 Dispel Undead            Necr           80%        3d26      1%          4
 Fulminant Prism          Conj/Hex       30%        3d15      1%          4
 Olgreb's Toxic Radiance  Pois           59%        N/A       1%          4
 Summon Ice Beast         Ice/Summ       61%        N/A       1%          4
 Agony                    Necr           80%        N/A       1%          5
 Arcjolt                  Conj/Air       34%        1d44      1%          5
 Death Channel            Necr           40%        N/A       1%          6
 Monstrous Menagerie      Summ           43%        N/A       1%          7
 Summon Hydra             Summ           43%        N/A       1%          7
 Inner Flame              Hex/Fire       35%        N/A       3%          3
 Cause Fear               Hex            26%        N/A       3%          4
 Leda's Liquefaction      Hex/Erth       25%        N/A       3%          4
 Ignite Poison            Fire/Tmut/Pois 32%        N/A       4%          3
 Flame Wave               Conj/Fire      48%        2d12      4%          4
 Freezing Cloud           Conj/Ice/Air   28%        6-21      5%          5
 Wereblood                Tmut           16%        N/A       8%          2
 Irradiate                Conj/Tmut      24%        3d19      12%         5
 Lee's Rapid Deconstruct  Erth           24%        3d13*     12%         5
 Ozocubu's Armour         Ice            16%        N/A       16%         3
 Petrify                  Tmut/Erth      32%        N/A       16%         4
 Dispersal                Tloc           29%        N/A       21%         6
 Alistair's Intoxication  Tmut/Pois      26%        N/A       22%         5
 Simulacrum               Ice/Necr       28%        N/A       30%         6
 Yara's Violent Unravell  Hex/Tmut       17%        3d8       34%         5
 Borgnjor's Revivificati  Necr           40%        N/A       43%         8
 Plasma Beam              Fire/Air       24%        2x1d36    56%         6
 Eringya's Noxious Bog    Tmut/Pois      20%        4d6       77%         6
 Enfeeble                 Hex            26%        N/A       94%         7
 Ozocubu's Refrigeration  Ice            8%         4d9       100%        7
 Discord                  Hex            26%        N/A       100%        8
 Ignition                 Fire           8%         3d5       100%        8
 Lehudib's Crystal Spear  Conj/Erth      29%        10d8      100%        8
 Chain Lightning          Conj/Air       34%        3d46      100%        9
 Death's Door             Necr           40%        N/A       100%        9
 Fire Storm               Conj/Fire      24%        8d6       100%        9
 Polar Vortex             Ice            8%         12d1*     100%        9
 Shatter                  Erth           24%        3d21*     100%        9


Dungeon Overview and Level Annotations

Branches:
Dungeon (15/15)            Temple (0/1) D:4            Lair (5/5) D:10
  Swamp (4/4) Lair:2       Spider (4/4) Lair:2        Slime (5/5) Lair:4
    Orc (2/2) D:9             Elf (3/3) Orc:2        Vaults (4/5) D:14
  Crypt (3/3) Vaults:2       Tomb (0/3) Crypt:3      Depths (4/4) D:15
    Zot (5/5) Depths:4     WizLab (visited)

Altars:
Dithmenos
Elyvilon
Fedhas
Gozag
Hepliaklqana
Kikubaaqudgha
Makhleb
Okawaru
Ru
Trog
Vehumet
Wu Jian
Xom
Yredelemnul
Zin
The Shining One
Jiyva

Shops:
D:2 *   D:15 :   Orc:2 ?(*=   Elf:1 (   Elf:2 (   Elf:3 [

Portals:
Hell: Depths:1 Depths:2 Depths:3 Depths:4
Abyss: Zot:1 Depths:2 Depths:3 Depths:4
Pandemonium: Depths:1 Depths:2 Depths:3
Ziggurat: Depths:3

Annotations:
Zot:1 2 transporters, Cyqimiab's ghost, legendary MfGl


Innate Abilities, Weirdness & Mutations

You have a beak for a mouth.
You have claws for feet.
Your magical flight helps you evade attacks. (EV +4)
You can magically evade attacks while moving or waiting.
You have supernaturally acute eyesight. (SInv)
You are agile. (Dex +4, Str/Int -1)
You are frail. (-10% HP)
You are strong-willed. (Will+)
You occasionally shout uncontrollably at your foes.
Your muscles are strong. (Str +4, Int/Dex -1)


Message History

You claw the great orb of eyes, but do no damage.
You peck the great orb of eyes, but do no damage.
You puncture the great orb of eyes! You drain the great orb of eyes.
You claw the great orb of eyes.
You peck the great orb of eyes, but do no damage.
The great orb of eyes is moderately wounded.
You hit the great orb of eyes.
You claw the great orb of eyes, but do no damage.
You peck the great orb of eyes, but do no damage.
You hit the great orb of eyes but do no damage.
The great orb of eyes is moderately wounded.
You block the great orb of eyes's attack.
You hit the great orb of eyes. You drain the great orb of eyes.
You claw the great orb of eyes, but do no damage.
You peck the great orb of eyes, but do no damage.
You hit the great orb of eyes. You drain the great orb of eyes.
You claw the great orb of eyes, but do no damage.
The great orb of eyes is heavily wounded.
You barely miss the great orb of eyes.
You claw the great orb of eyes, but do no damage.
You peck the great orb of eyes, but do no damage.
You hit the great orb of eyes but do no damage.
You drain the great orb of eyes. You claw the great orb of eyes.
You peck the great orb of eyes, but do no damage.
The great orb of eyes is severely wounded.
The great orb of eyes completely misses you.
You hit the great orb of eyes. You drain the great orb of eyes.
You peck the great orb of eyes. You puncture the great orb of eyes!
You claw the great orb of eyes, but do no damage.
You peck the great orb of eyes, but do no damage.
The great orb of eyes is almost dead.
You hit the great orb of eyes but do no damage.
You drain the great orb of eyes. You claw the great orb of eyes.
You peck the great orb of eyes, but do no damage.
You hit the great orb of eyes.
You kill the great orb of eyes!
Makhleb accepts your kill.
What level of the Dungeon? (default 1, ? - help)
There is a staircase leading out of the dungeon here.
You have escaped!

.# #...........# #.# .#
###.###.###.# #.# .# #.....#
#.# #.# ## ###.#.#.###.# #.# ##
#.........#.# #.# .#
####.#.#.#.#.#####.# .#
#......#.#......##.# .#
##.#.###.###.#.###.# .#
#......@......# #.# .#
##.#.###.###.#.###.## .#
#......#.#..........##
.###########.#.#.#.#.###.###.##
..).......##.........#...#
##.##
.##.#####.####.#.#.###.###
##.## ###.# #.####.....##..#
#... #.# #....#.###.#...##
##.#. #.# #.###...#####...##
##.##.


There were no monsters in sight!

Vanquished Creatures
  3 dread liches
  An ancient lich (Zot:4)
  A juggernaut (Depths:2)
  A Killer Klown (Zot:5)
  2 caustic shrikes (Depths:4)
  3 golden dragons
  A bone dragon (Depths:2)
  Norris (Depths:1)
  2 electric golems
  7 tentacled monstrosities
  Jorgrun (Swamp:3)
  A lich (Depths:3)
  A walking earthen tome (Depths:3)
  9 acid blobs (Slime:5)
  4 quicksilver dragons
  11 Orb Guardians (Zot:5)
  2 deep elf blademasters (Elf:3)
  A sphinx (Depths:3)
  2 death cobs
  2 ancient champions
  9 storm dragons
  A titan (Depths:4)
  8 shadow dragons
  A tengu reaver (Depths:4)
  3 thorn hunters
  Aizul (Swamp:4)
  4 azure jellies (Slime:5)
  A fenstrider witch (Swamp:3)
  5 draconian monks
  3 vault wardens
  7 fire giants
  2 rockslimes
  6 revenants
  2 draconian knights
  A deep elf sorcerer (Elf:3)
  3 draconian shifters
  2 balrugs
  Louise (Swamp:4)
  4 draconian scorchers
  2 ghost moths
  A curse skull (Crypt:2)
  An orc warlord (Vaults:4)
  A spriggan defender (Depths:4)
  2 reapers (Depths:4)
  4 draconian stormcallers
  6 draconian annihilators
  A war gargoyle (Vaults:4)
  6 ironbound preservers
  A ghoul (Crypt:2)
  3 quicksilver oozes (Slime:5)
  3 very ugly things
  11 formless jellyfish
  8 stone giants
  6 ironbound thunderhulks
  5 vampire knights
  The ghost of Vole Xio the Carver, a journeyman DrFi of Okawaru (Lair:3)
  7 yellow draconians
  6 green draconians
  5 white draconians
  A deep elf annihilator (Elf:3)
  An eleionoma (Swamp:4)
  5 purple draconians
  3 deep elf demonologists (Depths:2)
  6 spark wasps
  3 dire elephants (Vaults:1)
  A minotaur (Elf:3)
  11 black draconians
  2 bunyips
  3 red draconians
  A crystal guardian (Vaults:3)
  An acid blob zombie (Crypt:2)
  A blizzard demon (Depths:4)
  4 ettins
  7 eidola
  4 fire dragons
  3 deep elf death magi
  2 spectral quicksilver dragons (Crypt:3)
  2 jiangshi (Crypt:1)
  8 great orbs of eyes
  3 spectral spriggans (Crypt:3)
  An entropy weaver (Spider:3)
  2 entropy weavers (shapeshifter) (WizLab)
  A fenstrider witch zombie (Crypt:1)
  3 yaktaur captains
  5 deep elf high priests
  2 rakshasas
  13 hydras
  A peacekeeper (Vaults:3)
  6 ironbound frosthearts
  2 ogre magi
  4 ice dragons
  A spriggan air mage (Depths:4)
  Erica (D:9)
  A radroach (Spider:4)
  3 centaur warriors
  6 two-headed ogres
  7 alligators
  A boulder beetle (shapeshifter) (Depths:3)
  2 deep troll shamans
  An Orb Guardian skeleton (Crypt:1)
  2 vampire magi
  3 death knights
  4 demonic crawlers
  A spectral dire elephant (Crypt:3)
  7 boulder beetles
  20 dancing weapons
  2 hell hogs (Depths:2)
  7 tengu warriors
  5 death yaks
  5 spriggan berserkers
  A spectral storm dragon (Crypt:3)
  3 sun demons (Depths:2)
  4 soul eaters
  5 hell knights
  2 deep troll earth magi (Depths:3)
  Urug (D:12)
  Amaemon (D:9)
  4 skysharks
  An iron troll (Depths:3)
  5 deep elf knights
  3 sixfirhies
  A fire crab (shapeshifter) (WizLab)
  5 skeletal warriors
  A spectral bunyip (Crypt:3)
  A pharaoh ant (Spider:1)
  7 shadow wraiths
  10 orb spiders
  26 deep trolls
  A sea snake (shapeshifter) (D:15)
  4 swamp dragons
  A goliath frog (Swamp:3)
  2 quicksilver dragon simulacra (Depths:2)
  5 glowing orange brains
  7 flayed ghosts
  An orb spider (shapeshifter) (WizLab)
  5 wizards
  4 ironbound convokers
  4 spriggan druids
  3 steelbarb worms
  12 phantasmal warriors
  A mana viper (shapeshifter) (WizLab)
  4 lindwurms (Vaults:1)
  A bog body (Swamp:1)
  A necromancer (Vaults:3)
  5 orc knights
  Pikel (D:7)
  6 deep elf archers
  An eleionoma zombie (Crypt:2)
  10 deep elf pyromancers
  2 oklob plants (Lair:4)
  A harpy (Vaults:1)
  18 wolf spiders
  5 deep elf zephyrmancers
  17 ugly things
  4 will-o-the-wisps
  A jorogumo skeleton (Crypt:3)
  2 orc sorcerers (Orc:1)
  4 manticores
  A spectral ettin (Crypt:3)
  6 cyclopes
  19 moths of wrath
  An ice statue (Depths:2)
  14 elephants
  5 black mambas
  A smoke demon (Depths:4)
  A molten gargoyle (Depths:3)
  A titan simulacrum (Crypt:1)
  2 torpor snails
  An orange demon (D:8)
  5 vault sentinels
  2 gargoyles
  A hellion (Zot:1)
  A kobold demonologist (D:12)
  9 cane toads
  9 yaktaurs
  A bunyip simulacrum (Crypt:1)
  A yaktaur (shapeshifter) (WizLab)
  3 spectral nagas (Crypt:3)
  2 tengu conjurers (D:15)
  5 rime drakes
  A spectral two-headed ogre (Crypt:3)
  2 ice devils (Depths:2)
  A spectral harpy (Crypt:3)
  6 komodo dragons
  16 freezing wraiths
  3 guardian mummies (Crypt:3)
  An iron troll skeleton (Crypt:3)
  10 trolls
  7 meliai
  2 polar bears (Lair:5)
  5 tyrant leeches
  A bloated husk (Swamp:2)
  2 burning bushes (Lair:2)
  23 tarantellas
  14 hornets
  2 hellwings (Depths:4)
  A harpy skeleton (Crypt:3)
  5 dream sheep (Lair:5)
  2 tarantellas (shapeshifter) (WizLab)
  21 blink frogs
  A culicivora zombie (Crypt:3)
  12 jumping spiders
  22 slime creatures
  A satyr skeleton (Crypt:2)
  A large abomination (WizLab)
  28 culicivoras
  8 wraiths
  An air elemental (Elf:1)
  3 shadows
  76 yaks
  A spriggan (shapeshifter) (WizLab)
  3 water elementals
  4 flying skulls (Crypt:2)
  21 spriggans
  4 wyverns
  2 basilisks
  A steam dragon (Lair:2)
  2 golden eyes
  12 humans (D:14)
  2 fire elementals
  60 redbacks
  A redback (shapeshifter) (WizLab)
  4 wargs (D:8)
  A harpy simulacrum (Crypt:3)
  2 acid dragons
  16 swamp worms
  5 floating eyes
  20 water moccasins
  17 orc warriors
  12 swamp drakes
  Duvessa (D:4)
  5 sky beasts
  An ice beast (D:8)
  A boggart (shapeshifter) (WizLab)
  14 ogres
  8 black bears
  13 wolves
  7 centaurs
  4 boggarts (Lair:5)
  2 small abominations (WizLab)
  A phantom (D:9)
  A hog skeleton (Crypt:1)
  2 gnoll sergeants
  7 kobold brigands
  14 bullfrogs
  An elf skeleton (Crypt:2)
  A scorpion (D:6)
  A yaktaur skeleton (Crypt:1)
  9 wights
  Dowan (D:4)
  2 troll zombies (D:9)
  2 nameless horrors
  13 howler monkeys
  2 electric eels (D:9)
  11 hounds
  4 gnoll boudas
  4 jellies
  17 orc priests
  Natasha (twice) (D:2)
  7 iguanas
  7 orc wizards
  5 ogre zombies (D:9)
  A tengu skeleton (Crypt:1)
  21 gnolls
  4 adders
  A white imp (D:7)
  An ufetubus (D:5)
  3 dart slugs
  54 orcs
  10 ball pythons
  6 bats
  8 endoplasms
  6 giant cockroaches
  8 goblins
  8 hobgoblins
  5 jackals
  5 quokkas
  3 training dummies (Elf:2)
  A frilled lizard (D:1)
  A goblin skeleton (Crypt:1)
  A goblin zombie (D:9)
  2 hobgoblin skeletons (D:9)
  2 hobgoblin zombies (D:9)
  15 kobolds
  2 orc skeletons (D:9)
  16 orc zombies
  A quokka skeleton (Crypt:2)
  2 rats
  A fulminant prism (Orc:2)
  2 snaplasher vines
1524 creatures vanquished.

Vanquished Creatures (collateral kills)
  the Royal Jelly (Slime:5)
  A dread lich (Zot:5)
  An ancient lich (Zot:5)
  2 orbs of fire
  A juggernaut (Depths:3)
  Frederick (Vaults:3)
  Saint Roka (Vaults:3)
  3 Killer Klowns
  2 caustic shrikes (Depths:4)
  2 golden dragons
  Arachne (Spider:3)
  A mutant beast (WizLab)
  A bone dragon (Depths:4)
  A spectral shard shrike (Crypt:3)
  2 electric golems (Zot:5)
  A Brimstone Fiend (D:15)
  4 tentacled monstrosities
  A lich (Depths:3)
  15 Orb Guardians
  7 acid blobs (Slime:5)
  Asterion (Depths:2)
  4 quicksilver dragons
  A deep elf master archer (Elf:3)
  A deep elf blademaster (Elf:3)
  A titan (Depths:3)
  3 sphinxes
  4 shadow dragons
  4 death cobs
  A thorn hunter (Swamp:3)
  Donald (Orc:2)
  3 azure jellies
  3 rockslimes (Slime:5)
  6 storm dragons
  A revenant (Crypt:2)
  2 fire giants
  4 draconian monks
  An iron dragon (Depths:3)
  The ghost of Zachydoop the Severer, a journeyman DsGl of Ru (Swamp:4)
  A draconian knight (Zot:2)
  4 ghost moths
  2 frost giants
  2 draconian scorchers (Zot:1)
  An emperor scorpion (Spider:2)
  2 deep elf sorcerers (Elf:3)
  5 deep elf elementalists (Elf:3)
  5 draconian shifters
  4 vault wardens
  3 draconian annihilators
  An orc warlord (D:9)
  A draconian stormcaller (Zot:3)
  An angel (Depths:3)
  3 quicksilver oozes
  7 very ugly things
  3 war gargoyles
  14 ironbound preservers
  A ghoul (Crypt:2)
  A spriggan defender (Depths:4)
  4 ironbound thunderhulks
  2 formless jellyfish
  4 vampire knights
  3 black draconians
  2 bunyips (Swamp:3)
  3 deep elf demonologists (Elf:3)
  6 deep elf annihilators (Elf:3)
  4 stone giants
  Nessos (D:14)
  6 green draconians
  The ghost of Coyxt the Martial Artist, a journeyman DsSh of Okawaru (Elf:3)
  3 spark wasps
  2 eleionomae
  2 purple draconians
  7 yellow draconians
  3 white draconians
  9 dire elephants
  5 red draconians
  A blizzard demon (Depths:2)
  4 eidola
  2 ettins (D:15)
  4 crystal guardians
  A green death (Depths:4)
  The ghost of askman the Carver, a journeyman DsMo of Okawaru (D:12)
  A merfolk impaler (Elf:3)
  5 deep elf death magi
  A shambling mangrove (Swamp:1)
  A spectral quicksilver dragon (Crypt:3)
  2 fire dragons
  5 entropy weavers
  A spectral spriggan (Crypt:3)
  4 yaktaur captains
  6 deep elf high priests
  A merfolk javelineer (Elf:3)
  A quicksilver dragon zombie (Crypt:3)
  4 great orbs of eyes
  Erolcha (D:12)
  6 ice dragons
  An ogre mage (Orc:2)
  A hell beast (Depths:4)
  2 vault guards
  3 spriggan air magi
  A centaur warrior (Vaults:1)
  6 hydras
  6 alligators
  3 peacekeepers
  4 radroaches
  4 boulder beetles
  A ghost crab (Swamp:4)
  8 dancing weapons
  3 death knights
  2 death yaks (Lair:3)
  5 ironbound frosthearts
  9 tengu warriors (Depths:2)
  2 deep troll shamans
  9 demonic crawlers
  4 vampire magi
  14 two-headed ogres
  3 hell hogs (Depths:2)
  7 deep troll earth magi
  An orc high priest (Vaults:2)
  2 spectral storm dragons (Crypt:3)
  A shock serpent (shapeshifter) (WizLab)
  5 hell knights
  2 soul eaters
  11 deep elf knights
  5 spriggan berserkers
  A sixfirhy (Depths:4)
  5 iron trolls
  7 pharaoh ants
  A skyshark (shapeshifter) (Elf:3)
  A skyshark (D:15)
  8 skeletal warriors
  51 deep trolls
  3 goliath frogs
  A spectral bunyip (Crypt:3)
  2 orb spiders
  4 spriggan druids (Swamp:4)
  An anaconda zombie (Crypt:3)
  3 flayed ghosts
  An obsidian statue (Depths:4)
  3 glowing orange brains
  A wizard (Vaults:1)
  A glowing orange brain (shapeshifter) (D:15)
  5 swamp dragons (Swamp:4)
  10 ironbound convokers
  5 orc knights
  3 steelbarb worms
  3 bog bodies
  12 phantasmal warriors
  8 deep elf archers
  8 deep elf pyromancers
  2 orc sorcerers
  10 deep elf zephyrmancers
  2 harpies (shapeshifter)
  4 necromancers
  4 wolf spiders
  3 cyclopes
  24 ugly things
  4 shining eyes
  6 moths of wrath
  12 elephants
  11 vault sentinels
  5 eyes of devastation
  A guardian serpent (shapeshifter) (WizLab)
  3 cane toads
  8 torpor snails
  Psyche (D:12)
  2 cane toads (shapeshifter) (WizLab)
  An unseen horror (shapeshifter) (WizLab)
  A hellion (Zot:1)
  A white draconian zombie (Crypt:1)
  An unseen horror zombie (Crypt:1)
  A komodo dragon (shapeshifter) (WizLab)
  15 yaktaurs
  2 komodo dragons
  A guardian mummy (Crypt:3)
  2 ice devils
  7 freezing wraiths
  A catoblepas skeleton (Crypt:3)
  4 tengu conjurers
  A tormentor (Depths:4)
  5 meliai
  A red devil (D:15)
  5 polar bears
  A bloated husk (Swamp:1)
  A tarantella (Spider:4)
  7 trolls
  A hellwing (Depths:4)
  11 hornets
  3 tyrant leeches
  6 large abominations (WizLab)
  4 dream sheep (Lair:5)
  8 blink frogs
  2 stone giant simulacra (Crypt:3)
  A raiju (shapeshifter) (WizLab)
  A slime creature (shapeshifter) (D:15)
  30 slime creatures
  7 small abominations (WizLab)
  Sigmund (D:2)
  4 jumping spiders
  2 dream sheep (shapeshifter)
  4 culicivoras
  2 air elementals
  A wyvern (Lair:5)
  A centaur simulacrum (Crypt:3)
  9 spriggans
  4 humans (D:14)
  6 wraiths
  19 yaks
  A dire elephant simulacrum (Crypt:1)
  A fire elemental (Elf:3)
  3 water elementals
  12 redbacks
  5 golden eyes (Slime:4)
  A neqoxec (Zot:5)
  2 wargs
  An iron golem (WizLab)
  3 swamp worms
  A deep troll zombie (Crypt:1)
  5 water moccasins
  3 floating eyes (WizLab)
  16 orc warriors
  4 nameless horrors
  A swamp drake (Swamp:3)
  A sky beast (D:6)
  3 black bears
  3 ettin simulacra (Depths:2)
  A black bear (shapeshifter) (WizLab)
  12 ogres
  14 wolves
  A centaur (D:6)
  A bullfrog (Lair:4)
  2 necrophages (Crypt:2)
  4 earth elementals
  2 wights
  A jelly (D:3)
  A gnoll bouda (D:8)
  2 hounds
  6 orc priests
  Crazy Yiuf (D:3)
  6 orc wizards
  Natasha (D:3)
  An ogre zombie (D:9)
  5 gnolls
  An adder skeleton (Crypt:1)
  2 worms
  28 orcs
  A bat skeleton (Crypt:3)
  A gnoll zombie (Crypt:2)
  2 hobgoblins
  2 jackals
  2 hobgoblin zombies (D:9)
  A kobold (D:8)
  An orc zombie (D:9)
  A river rat skeleton (Crypt:1)
  A fire vortex (Zot:1)
1001 creatures vanquished.

Vanquished Creatures (others)
  A golden dragon (Depths:3)
  A death cob (Zot:2)
  A draconian monk (Zot:2)
  2 draconian knights (Zot:3)
  A draconian scorcher (Zot:2)
  A white draconian (Zot:1)
  A hydra (Swamp:2)
  A deep elf knight (Elf:1)
  A spriggan druid (Swamp:4)
  An obsidian statue (Zot:5)
  An orc knight (Elf:3)
  A troll (Orc:2)
  A bloated husk (Swamp:1)
  4 orcs (Orc:1)
  2 creeping infernos (Zot:1)
  11 foxfires
  29 fulminant prisms
  89 snaplasher vines
149 creatures vanquished.

Grand Total: 2674 creatures vanquished

Notes
Turn   | Place    | Note
-------+----------+-------------------------------------------
     0 | D:1      | Xenophilius the Tengu Hedge Wizard began the quest for the
                  | Orb.
     0 | D:1      | Reached XP level 1. HP: 10/10 MP: 5/5
   123 | D:1      | You fall into a shaft and drop 1 floor!
   334 | D:1      | Reached XP level 2. HP: 15/15 MP: 4/7
   628 | D:1      | Learned a level 2 spell: Call Imp
   741 | D:1      | Reached skill level 1 in Fighting
  1122 | D:1      | Reached XP level 3. HP: 20/20 MP: 6/8
  1143 | D:1      | Learned a level 3 spell: Mephitic Cloud
  1374 | D:2      | Noticed Sigmund
  1861 | D:2      | Found Guorho Laint's General Store.
  2107 | D:2      | Found a faded altar of an unknown god.
  2119 | D:2      | Prayed at the altar of an unknown god.
  2119 | D:2      | Became a worshipper of Makhleb the Destroyer
  2119 | D:2      | Reached * piety under Makhleb
  2321 | D:2      | Bought a scroll of blinking for 97 gold pieces
  2763 | D:3      | Reached skill level 1 in Air Magic
  2839 | D:3      | Reached XP level 4. HP: 25/25 MP: 4/9
  3008 | D:3      | Reached skill level 1 in Poison Magic
  3071 | D:3      | Noticed Natasha
  3080 | D:3      | Killed Natasha
  3081 | D:3      | Reached XP level 5. HP: 29/29 MP: 4/10
  3119 | D:3      | Noticed Natasha
  3545 | D:2      | Bought a scroll of noise for 13 gold pieces
  4250 | D:3      | Reached ** piety under Makhleb
  4403 | D:3      | Found a runed translucent door.
  4404 | D:3      | Noticed Crazy Yiuf
  4678 | D:3      | Killed Crazy Yiuf
  4857 | D:2      | Killed Natasha
  4858 | D:2      | Reached XP level 6. HP: 25/34 MP: 0/11
  5339 | D:2      | Found Guorho Laint's General Store.
  5347 | D:2      | Bought a potion of enlightenment for 65 gold pieces
  5692 | D:4      | Found a staircase to the Ecumenical Temple.
  6268 | D:4      | Reached skill level 5 in Conjurations
  6335 | D:4      | Reached skill level 5 in Air Magic
  6395 | D:4      | Noticed a black bear
  6395 | D:4      | Noticed Duvessa
  6624 | D:4      | Noticed Dowan
  6695 | D:4      | Gained mutation: Your magical flight helps you evade
                  | attacks. (EV +4) [Tengu growth]
  6695 | D:4      | Reached XP level 7. HP: 35/38 MP: 7/12
  7198 | D:4      | Killed Duvessa
  7212 | D:4      | Killed Dowan
  7299 | D:5      | Entered Level 5 of the Dungeon
  7557 | D:2      | Killed Sigmund
  7558 | D:2      | Reached XP level 8. HP: 43/43 MP: 8/13
  7588 | D:2      | Found a burning altar of Makhleb.
  7808 | D:2      | Found Guorho Laint's General Store.
  7886 | D:2      | Noticed Natasha
  7895 | D:2      | Killed Natasha
  7950 | D:2      | Bought a scroll of teleportation for 39 gold pieces
  8201 | D:5      | Found Fayganud's Magic Scroll Shop.
  8350 | D:5      | Learned a level 2 spell: Blink
  8530 | D:5      | Found Raiwk's Distillery.
  8545 | D:5      | Bought a potion of curing for 36 gold pieces
  8575 | D:5      | Reached skill level 1 in Translocations
  8632 | D:5      | Bought a potion of lignification for 36 gold pieces
  8706 | D:5      | Found Ciula's Distillery.
  8861 | D:5      | Found a glowing silver altar of Zin.
  8891 | D:5      | Found an opulent altar of Gozag.
  9037 | D:5      | Bought a scroll of poison for 48 gold pieces
  9488 | D:6      | Found a sacrificial altar of Ru.
  9553 | D:5      | Reached skill level 1 in Evocations
  9844 | D:5      | Reached *** piety under Makhleb
 10219 | D:6      | Reached XP level 9. HP: 47/47 MP: 8/15
 10608 | D:5      | Bought a potion of berserk rage for 60 gold pieces
 10758 | D:6      | Reached skill level 1 in Invocations
 11626 | D:5      | Bought a scroll of identify for 24 gold pieces
 11959 | D:7      | Found a shadowy altar of Dithmenos.
 12381 | D:6      | HP: 2/47 [wraith (8)]
 12383 | D:6      | Reached skill level 5 in Invocations
 12760 | D:6      | Reached skill level 3 in Dodging
 13280 | D:7      | Noticed a skeletal warrior
 13538 | D:6      | Reached skill level 4 in Dodging
 13538 | D:6      | Reached XP level 10. HP: 17/56 MP: 14/17
 13586 | D:6      | Reached skill level 5 in Dodging
 13869 | D:7      | Found the +5 scythe "Finisher" {speed, execute}
 13943 | D:7      | Found an iron altar of Okawaru.
 14097 | D:7      | Noticed Pikel
 14120 | D:7      | Killed Pikel
 14523 | D:6      | Reached skill level 5 in Fighting
 14523 | D:6      | Reached skill level 6 in Dodging
 15184 | D:5      | Bought a scroll of identify for 24 gold pieces
 15184 | D:5      | Bought a scroll of identify for 24 gold pieces
 15327 | D:8      | Identified the +6 scimitar of Disorder {flame, Str+3 Int+3}
 15468 | D:8      | Reached skill level 7 in Dodging
 15478 | D:8      | Reached **** piety under Makhleb
 16230 | D:5      | Bought a scroll of vulnerability for 48 gold pieces
 16548 | D:8      | Found a basalt altar of Yredelemnul.
 16905 | D:8      | Reached XP level 11. HP: 64/64 MP: 7/18
 17017 | D:8      | Learned a level 4 spell: Fulminant Prism
 17128 | D:8      | Reached skill level 1 in Hexes
 17443 | D:8      | Noticed a cyclops
 17464 | D:8      | Killed a cyclops
 17756 | D:8      | Identified the +1 chain mail of the Dancing Gods {rCorr
                  | Str+5}
 18716 | D:8      | Reached ***** piety under Makhleb
 18749 | D:8      | Reached skill level 5 in Spellcasting
 19619 | D:7      | Reached skill level 10 in Conjurations
 19722 | D:7      | Learned a level 4 spell: Airstrike
 20194 | D:9      | Noticed a manticore
 20478 | D:9      | Noticed Erica
 20525 | D:9      | Found a staircase to the Orcish Mines.
 20846 | D:8      | Killed a manticore
 21108 | D:9      | Found a burning altar of Makhleb.
 21108 | D:9      | Noticed a balrug
 21269 | D:9      | Found an ornate altar of the Wu Jian Council.
 21346 | D:9      | Noticed Amaemon
 21860 | D:9      | Killed Erica
 22132 | D:9      | Killed Amaemon
 22133 | D:9      | Reached XP level 12. HP: 68/70 MP: 17/21
 22535 | D:9      | Reached skill level 10 in Air Magic
 22703 | D:10     | Entered Level 10 of the Dungeon
 22716 | D:10     | Found a blossoming altar of Fedhas.
 22757 | D:10     | Found a shimmering altar of Xom.
 22811 | D:10     | Learned a level 4 spell: Summon Lightning Spire
 22898 | D:10     | Found a staircase to the Lair.
 23095 | D:5      | Bought a scroll of immolation for 48 gold pieces
 23108 | D:5      | Bought a potion of cancellation for 96 gold pieces
 23108 | D:5      | Bought a potion of haste for 120 gold pieces
 23131 | D:5      | Bought a potion of attraction for 36 gold pieces
 23612 | D:10     | Reached skill level 5 in Summonings
 23734 | D:10     | Reached skill level 1 in Short Blades
 24203 | D:11     | Noticed a two-headed ogre
 24241 | D:11     | Killed a two-headed ogre
 24630 | D:11     | Noticed a boulder beetle
 24714 | D:11     | Killed a boulder beetle
 24759 | D:11     | Noticed a two-headed ogre
 25462 | D:11     | Killed a two-headed ogre
 25709 | Lair:1   | Entered Level 1 of the Lair of Beasts
 25721 | D:10     | Reached skill level 5 in Hexes
 25805 | Lair:1   | Identified the +0 ring mail of Entitlement {+Inv rF+ Str+3
                  | Int-2}
 26022 | Lair:1   | Reached XP level 13. HP: 43/74 MP: 12/23
 26458 | Lair:1   | Reached ****** piety under Makhleb
 27464 | Lair:2   | Reached skill level 8 in Dodging
 27871 | Lair:2   | Reached skill level 9 in Dodging
 28231 | Lair:2   | Found a hole to the Spider Nest.
 28450 | Lair:2   | Found a staircase to the Swamp.
 29148 | Lair:3   | Reached XP level 14. HP: 84/84 MP: 16/24
 29459 | Lair:3   | You are sucked into a shaft and drop 2 floors!
 29459 | Lair:5   | Entered Level 5 of the Lair of Beasts
 29872 | Lair:3   | Reached skill level 10 in Invocations
 30355 | Lair:3   | Reached skill level 10 in Dodging
 30433 | Lair:3   | Found a runed translucent gate.
 30433 | Lair:3   | Found a runed translucent gate.
 30433 | Lair:3   | Found a runed translucent gate.
 30434 | Lair:3   | Noticed Vole Xio's ghost (journeyman DrFi)
 30759 | Lair:4   | Found a viscous altar of Jiyva.
 30760 | Lair:4   | Found a staircase to the Slime Pits.
 31383 | Lair:4   | Reached skill level 5 in Evocations
 31604 | Lair:4   | Found a blossoming altar of Fedhas.
 32018 | Lair:4   | Reached skill level 11 in Dodging
 32277 | Lair:5   | Reached skill level 10 in Fighting
 32397 | Lair:5   | Reached XP level 15. HP: 92/92 MP: 20/25
 34392 | Lair:5   | Learned a level 4 spell: Olgreb's Toxic Radiance
 34496 | Orc:1    | Entered Level 1 of the Orcish Mines
 34496 | Orc:1    | Noticed an orc warlord
 34501 | Orc:1    | Paralysed by an orc sorcerer for 4 turns
 34551 | D:9      | Killed an orc warlord
 34985 | Orc:2    | Entered Level 2 of the Orcish Mines
 35158 | Orc:2    | Reached skill level 5 in Poison Magic
 35232 | Orc:2    | Noticed Donald
 35246 | Orc:2    | Killed Donald
 35367 | Orc:2    | Found a staircase to the Elven Halls.
 35696 | Orc:2    | Reached XP level 16. HP: 97/97 MP: 13/26
 35724 | Orc:2    | Found Allue's Magic Scroll Shoppe.
 35725 | Orc:2    | Found Ocymmuas's Weapon Shoppe.
 35743 | Orc:2    | Found Leaple's General Store.
 35757 | Orc:2    | Found Apimor's Jewellery Emporium.
 35766 | Orc:2    | Bought a ring of willpower for 400 gold pieces
 36159 | Orc:2    | Bought an amulet of reflection for 480 gold pieces
 36909 | D:12     | Reached skill level 1 in Shields
 37032 | D:12     | Noticed Psyche
 37041 | D:12     | Killed Psyche
 37108 | D:12     | Noticed askman's ghost (journeyman DsMo)
 37122 | D:12     | Found a transporter.
 37129 | D:12     | Found a transporter.
 37183 | D:12     | Reached skill level 5 in Stealth
 37785 | D:12     | Noticed Urug
 37791 | D:12     | Killed Urug
 37965 | D:12     | Noticed Erolcha
 38495 | D:13     | Found a glowing golden altar of the Shining One.
 39060 | D:14     | Noticed Nessos
 39060 | D:14     | Found a gate to the Vaults.
 39581 | Swamp:1  | Entered Level 1 of the Swamp
 40179 | Swamp:1  | Reached skill level 12 in Dodging
 40533 | Swamp:1  | Noticed a thorn hunter
 40541 | Swamp:1  | Killed a thorn hunter
 41942 | Swamp:2  | Reached skill level 5 in Shields
 43067 | Swamp:3  | Noticed a fenstrider witch
 43067 | Swamp:3  | Noticed a tentacled monstrosity
 43503 | Swamp:3  | Noticed a thorn hunter
 43510 | Swamp:3  | Killed a thorn hunter
 43517 | Swamp:3  | Learned a level 5 spell: Summon Mana Viper
 43824 | Swamp:4  | Entered Level 4 of the Swamp
 44071 | Swamp:4  | Reached skill level 10 in Summonings
 44192 | Swamp:4  | Noticed Aizul
 44205 | Swamp:4  | Killed Aizul
 44206 | Swamp:4  | Reached XP level 17. HP: 98/104 MP: 20/28
 44245 | Swamp:4  | Found a large runed translucent door.
 44247 | Swamp:4  | Found a large runed translucent door.
 44247 | Swamp:4  | Found the +7 Kryia's mail coat {PotionHeal*2 rC+}
 44249 | Swamp:4  | Noticed Zachydoop's ghost (journeyman DsGl)
 44516 | Swamp:3  | Killed a tentacled monstrosity
 44856 | Swamp:3  | Found a bloodstained altar of Trog.
 44901 | Swamp:3  | Noticed Jorgrun
 45072 | Swamp:3  | Killed Jorgrun
 45888 | Swamp:4  | Noticed Louise
 45949 | Swamp:4  | Killed Louise
 48183 | Swamp:4  | Got a decaying rune of Zot
 48288 | Swamp:3  | Learned a level 4 spell: Passage of Golubria
 48356 | Swamp:4  | Killed Zachydoop's ghost
 48464 | Swamp:4  | Identified the +5 falchion of Miamoh {antimagic, rF+}
 48762 | D:15     | Entered Level 15 of the Dungeon
 49173 | D:15     | Paralysed by something for 2 turns
 49761 | D:14     | Reached XP level 18. HP: 110/110 MP: 8/32
 49765 | D:14     | Reached skill level 5 in Translocations
 50022 | D:14     | Killed Nessos
 50507 | D:15     | Reached skill level 1 in Armour
 50644 | D:15     | Found Qotuj's Book Boutique.
 50651 | D:15     | Found a portal to a secret trove of treasure.
 51191 | D:15     | Found a staircase to the Depths.
 51743 | Spider:1 | Entered Level 1 of the Spider Nest
 57405 | Spider:3 | Reached skill level 10 in Spellcasting
 57592 | Spider:3 | Reached XP level 19. HP: 114/114 MP: 10/34
 57904 | Spider:3 | Noticed Arachne
 57922 | Spider:3 | Killed Arachne
 58391 | Spider:2 | Learned a level 5 spell: Summon Forest
 58777 | Spider:3 | Identified the +6 arbalest of Dried Tears {heavy, Dex+2}
 59033 | Spider:4 | Entered Level 4 of the Spider Nest
 59423 | Spider:4 | Reached skill level 13 in Dodging
 62680 | Spider:4 | Got a gossamer rune of Zot
 62716 | Spider:4 | Reached XP level 20. HP: 122/122 MP: 35/35
 63074 | Elf:1    | Entered Level 1 of the Elven Halls
 63148 | Elf:1    | Paralysed by an air elemental for 1 turns
 63590 | Elf:1    | Reached skill level 14 in Dodging
 64031 | Elf:1    | Paralysed by an air elemental for 1 turns
 64043 | Elf:1    | Paralysed by an air elemental for 1 turns
 64687 | Elf:1    | Found Afosaes's Antique Weapon Emporium.
 65400 | Elf:2    | Found a magical portal.
 65413 | Elf:2    | Paralysed by an air elemental for 1 turns
 65416 | Elf:2    | Reached skill level 5 in Short Blades
 65529 | WizLab   | Entered Cigotuvi's Fleshworks
 66534 | WizLab   | Paralysed by a floating eye for 3 turns
 66664 | WizLab   | Paralysed by a floating eye for 3 turns
 66692 | WizLab   | Found the -2 hat of the Alchemist {rElec rPois rF+ rC+ rN+
                  | Will+ rMut rCorr}
 67156 | WizLab   | Reached XP level 21. HP: 129/129 MP: 24/36
 67575 | WizLab   | Got Cigotuvi's Octavo of Sepulchral Moulding
 68035 | Elf:2    | Found a runed translucent gate.
 68035 | Elf:2    | Found a runed translucent gate.
 68035 | Elf:2    | Found a runed translucent gate.
 68830 | Elf:2    | Reached skill level 15 in Invocations
 69592 | Elf:2    | Found Veam Ecaubb's Firing Range.
 69618 | Elf:2    | Bought a throwing net for 39 gold pieces
 69653 | Elf:1    | Found an ancient bone altar of Kikubaaqudgha.
 69714 | Elf:2    | Found Batiusir's Distillery.
 69890 | Elf:3    | Entered Level 3 of the Elven Halls
 70292 | Elf:3    | Found Sudinio's Antique Armour Boutique.
 70295 | Elf:3    | Bought a pair of runed gloves for 217 gold pieces
 70318 | Elf:3    | Found a runed translucent gate.
 70319 | Elf:3    | Found a runed translucent gate.
 70320 | Elf:3    | Found a runed translucent gate.
 70322 | Elf:3    | Noticed Coyxt's ghost (journeyman DsSh)
 70324 | Elf:3    | Found an iron altar of Okawaru.
 71050 | Elf:3    | Reached skill level 15 in Dodging
 71665 | Elf:3    | Identified the +5 broad axe "Worm" {holy, Will+}
 72087 | Elf:3    | Identified the +7 short sword of the Orbs {elec, Int+3}
 72185 | Elf:3    | Identified the staff of Incongruity {rC+ rN+ rCorr Earth}
 72225 | Elf:3    | Reached skill level 16 in Dodging
 72503 | Elf:3    | Identified the +10 halberd "Aloos" {freeze, rElec Int+2
                  | Stlth+}
 72503 | Elf:3    | Identified the amulet of Xudwa {Spirit rF- Dex+3 SInv}
 72751 | Elf:3    | Identified the amulet "Sumnolet" {Fly rElec Regen+ Str-4}
 72853 | Elf:3    | Identified the +1 glaive of the Cursing Shrike {flame, rC+
                  | Dex+2}
 72853 | Elf:3    | Identified the ring "Odghurch" {EV+5 Dex+3}
 73598 | Elf:3    | Got the Quarto of Stones
 73682 | Elf:3    | Got the Secrets of Open Graves and Assembling
 73980 | Elf:3    | Killed Coyxt's ghost
 74184 | Elf:3    | Identified the +4 scale mail of Solemn Music {rElec rCorr
                  | Int-3 Stlth+}
 74193 | Elf:3    | Identified the +4 lajatang of Governance {protect, Will-
                  | Dex+4}
 74497 | D:12     | Killed askman's ghost
 74505 | D:12     | Identified the +0 buckler of the End {-Cast rF- Str+2
                  | Dex+6}
 74590 | D:12     | Killed Erolcha
 74591 | D:12     | Reached skill level 17 in Dodging
 74689 | Vaults:1 | Entered Level 1 of the Vaults
 74723 | Vaults:1 | Identified the +6 chain mail of a Thousand Allies {rF+ rN+}
 74748 | Vaults:1 | Reached XP level 22. HP: 137/137 MP: 21/37
 75716 | D:14     | Reached skill level 15 in Fighting
 76892 | Vaults:1 | Reached skill level 18 in Dodging
 77191 | Vaults:2 | Found a staircase to the Crypt.
 78168 | Vaults:2 | Paralysed by a formless jellyfish for 1 turns
 78313 | Vaults:2 | Reached skill level 19 in Dodging
 79322 | Vaults:3 | You are sucked into a shaft and drop 1 floor!
 79361 | Vaults:4 | Reached XP level 23. HP: 100/149 MP: 17/38
 79814 | Vaults:3 | Noticed Saint Roka
 79841 | Vaults:3 | Killed Saint Roka
 80010 | Vaults:3 | Reached skill level 20 in Dodging
 80350 | Vaults:3 | Reached skill level 1 in Long Blades
 81160 | Vaults:2 | Learned a level 5 spell: Silence
 81501 | Vaults:3 | Noticed Frederick
 81516 | Vaults:3 | Killed Frederick
 82369 | Vaults:4 | Reached skill level 5 in Long Blades
 82707 | Vaults:4 | Identified the +11 trident of the Secret Princes {heavy,
                  | rF++ Will+}
 83907 | Slime:1  | Entered Level 1 of the Pits of Slime
 84320 | D:12     | Gained mutation: Your mind is acute. (Int +4, Str/Dex -1)
                  | [potion of mutation]
 84321 | D:12     | Lost mutation: Your mind is acute. (Int +4, Str/Dex -1)
                  | [potion of mutation]
 84321 | D:12     | Gained mutation: Your muscles are strong. (Str +4, Int/Dex
                  | -1) [potion of mutation]
 84321 | D:12     | Gained mutation: You have hidden genetic potential. [potion
                  | of mutation]
 84322 | D:12     | Lost mutation: You have hidden genetic potential. [potion
                  | of mutation]
 84322 | D:12     | Lost mutation: Your muscles are strong. (Str +4, Int/Dex
                  | -1) [potion of mutation]
 84322 | D:12     | Gained mutation: You are partially covered in iridescent
                  | scales. (AC +2) [potion of mutation]
 84322 | D:12     | Gained mutation: Your body sometimes deteriorates upon
                  | taking damage. [potion of mutation]
 84323 | D:12     | Lost mutation: Your body sometimes deteriorates upon taking
                  | damage. [potion of mutation]
 84323 | D:12     | Lost mutation: You are partially covered in iridescent
                  | scales. (AC +2) [potion of mutation]
 84323 | D:12     | Gained mutation: You sometimes lose your temper in combat.
                  | [potion of mutation]
 84323 | D:12     | Gained mutation: You have a somewhat thin skeletal
                  | structure. (Dex +2, Stealth+) [potion of mutation]
 84323 | D:12     | Gained mutation: You are frail. (-10% HP) [potion of
                  | mutation]
 84323 | D:12     | Gained mutation: You are strong-willed. (Will+) [potion of
                  | mutation]
 84324 | D:12     | Lost mutation: You are frail. (-10% HP) [potion of
                  | mutation]
 84324 | D:12     | Lost mutation: You are strong-willed. (Will+) [potion of
                  | mutation]
 84324 | D:12     | Gained mutation: You are partially covered in large bone
                  | plates. (SH +4) [potion of mutation]
 84324 | D:12     | Gained mutation: Your body sometimes deteriorates upon
                  | taking damage. [potion of mutation]
 84324 | D:12     | Gained mutation: You are partially covered in iridescent
                  | scales. (AC +2) [potion of mutation]
 84325 | D:12     | Lost mutation: Your body sometimes deteriorates upon taking
                  | damage. [potion of mutation]
 84325 | D:12     | Lost mutation: You are partially covered in large bone
                  | plates. (SH +4) [potion of mutation]
 84325 | D:12     | Lost mutation: You are partially covered in iridescent
                  | scales. (AC +2) [potion of mutation]
 84325 | D:12     | Gained mutation: You are clumsy. (Dex -2) [potion of
                  | mutation]
 84325 | D:12     | Gained mutation: Your system is resistant to poisons.
                  | (rPois) [potion of mutation]
 84326 | D:12     | Lost mutation: You have a somewhat thin skeletal structure.
                  | (Dex +2, Stealth+) [potion of mutation]
 84326 | D:12     | Lost mutation: You are clumsy. (Dex -2) [potion of
                  | mutation]
 84326 | D:12     | Gained mutation: You are partially covered in large bone
                  | plates. (SH +4) [potion of mutation]
 84326 | D:12     | Gained mutation: You are strong-willed. (Will+) [potion of
                  | mutation]
 84327 | D:12     | Lost mutation: You sometimes lose your temper in combat.
                  | [potion of mutation]
 84327 | D:12     | Lost mutation: Your system is resistant to poisons. (rPois)
                  | [potion of mutation]
 84327 | D:12     | Lost mutation: You are partially covered in large bone
                  | plates. (SH +4) [potion of mutation]
 84327 | D:12     | Gained mutation: Your movements are slightly less
                  | encumbered by armour. (ER -2) [potion of mutation]
 84327 | D:12     | Gained mutation: You are partially covered in iridescent
                  | scales. (AC +2) [potion of mutation]
 84327 | D:12     | Gained mutation: You occasionally lose the ability to drink
                  | potions when taking damage. [potion of mutation]
 84328 | D:12     | Lost mutation: You are partially covered in iridescent
                  | scales. (AC +2) [potion of mutation]
 84328 | D:12     | Lost mutation: You occasionally lose the ability to drink
                  | potions when taking damage. [potion of mutation]
 84328 | D:12     | Lost mutation: Your movements are slightly less encumbered
                  | by armour. (ER -2) [potion of mutation]
 84328 | D:12     | Gained mutation: Your muscles are strong. (Str +4, Int/Dex
                  | -1) [potion of mutation]
 84328 | D:12     | Gained mutation: You are agile. (Dex +4, Str/Int -1)
                  | [potion of mutation]
 84328 | D:12     | Gained mutation: You have supernaturally acute eyesight.
                  | (SInv) [potion of mutation]
 84657 | Slime:5  | Entered Level 5 of the Pits of Slime
 84869 | Slime:4  | Reached skill level 10 in Long Blades
 85440 | Slime:5  | Reached XP level 24. HP: 156/156 MP: 26/38
 85858 | Slime:5  | Noticed the Royal Jelly
 85858 | Slime:5  | Found the +5 moon troll leather armour {Spirit, Regen++
                  | MP+5}
 86021 | Slime:5  | Found a viscous altar of Jiyva.
 86151 | Slime:5  | Killed the Royal Jelly
 86483 | D:5      | Bought a potion of haste for 120 gold pieces
 86815 | Slime:5  | Identified the +5 fire dragon scales of Summertime {Rampage
                  | rF++ rC-}
 86819 | Slime:5  | Identified the amulet "Ahat" {Spirit rCorr Int+3 Slay+2}
 86857 | Slime:5  | Identified the +7 orcbow of Jevevae {flame, rElec}
 86860 | Slime:5  | Identified the +1 leather armour of Voregasa {Will+ Regen+
                  | Int-2}
 86861 | Slime:5  | Identified the +1 quarterstaff of the Pyrrhic Victory
                  | {elec, Dex+3}
 86886 | Slime:5  | Got a slimy rune of Zot
 86924 | Slime:5  | Identified a scroll of acquirement
 86929 | Slime:5  | Acquired 952 gold pieces
 86962 | Slime:5  | Identified the ring of the Scarab {+Blink rC+}
 87631 | Spider:3 | Learned a level 7 spell: Haunt
 87899 | Depths:1 | Entered Level 1 of the Depths
 87931 | D:15     | Reached skill level 1 in Necromancy
 88029 | Depths:1 | Noticed Norris
 88350 | Depths:1 | Killed Norris
 88592 | Elf:1    | Learned a level 4 spell: Vhi's Electric Charge
 88830 | Depths:1 | Found a one-way gate leading to the halls of Pandemonium.
 89105 | Depths:1 | Found a gateway to Hell.
 89311 | Depths:1 | Found a radiant altar of Vehumet.
 89644 | Depths:1 | Reached skill level 5 in Necromancy
 90133 | Depths:2 | Found a hazy altar of Hepliaklqana.
 90153 | Depths:2 | Found a one-way gate to the infinite horrors of the Abyss.
 90626 | Depths:2 | Found a white marble altar of Elyvilon.
 90790 | Depths:2 | Noticed Asterion
 91099 | Depths:2 | Killed Asterion
 91304 | Depths:2 | Found a bloodstained altar of Trog.
 91386 | Depths:2 | Reached skill level 10 in Necromancy
 91398 | Depths:2 | Noticed a juggernaut
 91409 | Depths:2 | Killed a juggernaut
 91524 | Depths:2 | Found a sacrificial altar of Ru.
 91548 | Depths:2 | Reached XP level 25. HP: 139/163 MP: 11/38
 92093 | Elf:2    | Learned a level 5 spell: Borgnjor's Vile Clutch
 92466 | Depths:2 | Got the Compilation of Hoarfrost and Destruction
 92922 | Crypt:1  | Entered Level 1 of the Crypt
 92995 | Crypt:1  | Reached skill level 1 in Earth Magic
 95273 | Crypt:3  | Entered Level 3 of the Crypt
 95791 | Crypt:3  | Found a staircase to the Tomb.
 95841 | Crypt:3  | Reached skill level 5 in Earth Magic
 96676 | Crypt:3  | Identified the ring "Ynolumek" {Fly rN+ Will+ Int+3 Dex+3}
 96676 | Crypt:3  | Identified the ring of the Voivode {rN+ Int+4}
 96676 | Crypt:3  | Identified the ring "Pukas" {rF+ rN+}
 96727 | Crypt:3  | Identified the +0 helmet of Dim Light {Int+5}
 96856 | Crypt:3  | Reached skill level 15 in Summonings
 97408 | Crypt:3  | Found the +3 pair of mountain boots {steadfast, rC+}
 97451 | Crypt:3  | Got the Precepts of Grit
 97455 | Crypt:3  | Identified the ring of Cexir {Fly rC+}
 97472 | Crypt:3  | Got the Essays on Dark Rites
 97489 | Crypt:3  | Learned a level 2 spell: Lesser Beckoning
 98153 | Depths:3 | Found a one-way gateway to a ziggurat.
 98735 | Depths:3 | Found a blossoming altar of Fedhas.
 98958 | Depths:3 | Reached XP level 26. HP: 167/168 MP: 31/38
 98992 | Depths:3 | Noticed a juggernaut
 99011 | Depths:3 | Killed a juggernaut
 99374 | Depths:3 | Acquired 818 gold pieces
 99965 | D:15     | You paid a toll of +3 gold dragon scales to enter a
                  | treasure trove
 99966 | Trove    | Entered a treasure trove
100255 | Depths:3 | Found a runed translucent door.
100262 | Depths:3 | Found a runed translucent door.
100501 | Depths:3 | You are sucked into a shaft and drop 1 floor!
100501 | Depths:4 | Entered Level 4 of the Depths
100506 | Depths:4 | Learned a level 2 spell: Passwall
100862 | Depths:4 | Found a white marble altar of Elyvilon.
101058 | Depths:4 | Reached skill level 15 in Necromancy
101297 | Depths:4 | Got Zuantauh's Textbook on Calefaction
102054 | Depths:4 | Found a gate to the Realm of Zot.
103275 | D:5      | Bought a scroll of teleportation for 36 gold pieces
103658 | D:5      | Bought a potion of heal wounds for 60 gold pieces
103658 | D:5      | Bought 2 potions of resistance for 240 gold pieces
103658 | D:5      | Bought a potion of might for 48 gold pieces
103658 | D:5      | Bought a potion of curing for 36 gold pieces
103658 | D:5      | Bought a potion of enlightenment for 60 gold pieces
103658 | D:5      | Bought a potion of heal wounds for 60 gold pieces
103658 | D:5      | Bought a potion of lignification for 36 gold pieces
103685 | D:5      | Bought a scroll of enchant armour for 90 gold pieces
103770 | D:2      | Bought a scroll of enchant armour for 97 gold pieces
103770 | D:2      | Bought a scroll of teleportation for 39 gold pieces
103864 | D:5      | Bought a potion of enlightenment for 60 gold pieces
103864 | D:5      | Bought a potion of magic for 96 gold pieces
103864 | D:5      | Bought a potion of brilliance for 48 gold pieces
103864 | D:5      | Bought a potion of heal wounds for 60 gold pieces
103864 | D:5      | Bought a potion of lignification for 36 gold pieces
103864 | D:5      | Bought a potion of heal wounds for 60 gold pieces
104977 | Lair:3   | Killed Vole Xio's ghost
105457 | Orc:2    | Bought a scroll of teleportation for 45 gold pieces
105457 | Orc:2    | Bought a scroll of teleportation for 45 gold pieces
105457 | Orc:2    | Bought a scroll of teleportation for 45 gold pieces
105457 | Orc:2    | Bought a scroll of immolation for 60 gold pieces
105581 | Elf:2    | Bought a potion of curing for 57 gold pieces
105581 | Elf:2    | Bought a potion of ambrosia for 152 gold pieces
105581 | Elf:2    | Bought a potion of curing for 57 gold pieces
105581 | Elf:2    | Bought a potion of ambrosia for 152 gold pieces
105581 | Elf:2    | Bought a potion of ambrosia for 152 gold pieces
105581 | Elf:2    | Bought a potion of resistance for 190 gold pieces
105581 | Elf:2    | Bought a potion of curing for 57 gold pieces
105581 | Elf:2    | Bought a potion of mutation for 152 gold pieces
105581 | Elf:2    | Bought a potion of lignification for 57 gold pieces
105581 | Elf:2    | Bought a potion of curing for 57 gold pieces
105856 | D:15     | Bought a manual of Ranged Weapons for 1360 gold pieces
105856 | D:15     | Bought a book of Weapons for 442 gold pieces
106763 | Zot:1    | Entered Level 1 of the Realm of Zot
107106 | Zot:1    | Found a transporter.
107587 | Zot:1    | Found a transporter.
107587 | Zot:1    | Noticed a Killer Klown
107596 | Zot:1    | Noticed Cyqimiab's ghost (legendary MfGl)
107599 | Zot:1    | Noticed a Killer Klown
107741 | Zot:1    | Identified the +1 sling "Aplysu" {freeze, rF+}
107787 | Zot:1    | Reached XP level 27. HP: 173/173 MP: 40/40
107899 | Zot:1    | Noticed an ancient lich
107972 | Zot:2    | Reached skill level 21 in Dodging
108439 | Zot:2    | You are sucked into a shaft and drop 1 floor!
108691 | Zot:2    | Reached skill level 22 in Dodging
108733 | Zot:2    | Learned a level 4 spell: Iskenderun's Mystic Blast
109809 | Zot:3    | Reached skill level 23 in Dodging
111309 | Zot:4    | Identified the +3 leather armour of Pessimism {rPois rC-
                  | Str+4}
111470 | Zot:4    | Reached skill level 24 in Dodging
112232 | Zot:5    | Entered Level 5 of the Realm of Zot
113071 | Zot:5    | Noticed a dread lich
113092 | Zot:5    | Killed a dread lich
113569 | Zot:5    | Noticed a dread lich
113581 | Zot:5    | Killed a dread lich
113636 | Zot:5    | Noticed an ancient lich
113648 | Zot:5    | Killed an ancient lich
113661 | Zot:5    | Reached skill level 15 in Long Blades
113831 | Zot:5    | Noticed an orb of fire
114795 | Zot:5    | Gained mutation: You are frail. (-10% HP) [an orb of fire]
114810 | Zot:5    | Killed an orb of fire
114824 | Zot:5    | Noticed a dread lich
114838 | Zot:4    | Killed a dread lich
115134 | Zot:5    | Noticed an ancient lich
115418 | Zot:4    | Killed an ancient lich
115568 | Zot:5    | Noticed an orb of fire
115570 | Zot:5    | Noticed a dread lich
115586 | Zot:4    | Killed a dread lich
115742 | Zot:5    | Gained mutation: You occasionally shout uncontrollably at
                  | your foes. [an orb of fire]
116043 | Zot:4    | Killed an orb of fire
117691 | Zot:5    | Got the Orb of Zot
118069 | D:4      | Noticed Edeq Rae the pandemonium lord
118175 | D:$      | Escaped with the Orb!

Illustrated notes

Levels and vault maps discovered:
D:1:      roderic_chinese_lattice_arrival, layout_loops_ring,
          minmay_split_cup_small
D:2:      layout_basic, serial_shops, nicolae_shop_peninsula,
          ebering_ecumenical_altar_abandoned, uniq_sigmund
D:3:      layout_basic, st_stairs_11, minmay_between, uniq_natasha,
          uniq_crazy_yiuf_cottage
D:4:      layout_basic, temple_doors_ab, uniq_duvessa
D:5:      layout_rooms, pdpol_temple_overflow_zin_treasury_gozag_greed,
          serial_shops, shop, shop, nicolae_shop_hallway_stairs
D:6:      layout_cave_pools, mainiacjoe_overflow_chevrons, serial_gnoll_camp,
          gnoll_camp_mini_doghouse, gnoll_camp_mini_hut, gnoll_camp_mini_hut,
          gnoll_camp_mini_loothouse
D:7:      kennysheep_windowed_halls, layout_basic, old_standard_altar,
          lemuel_tele_altar, grunt_ministairs_6, minmay_guarded_unrand_finisher,
          uniq_pikel
D:8:      lemuel_castle_with_subvaults [lemuel_castle_interior_carwin_2],
          layout_basic, mainiacjoe_overflow_surrounded_room, grunt_ministairs_9
D:9:      layout_rooms, makhleb_altar_promises_db,
          nicolae_wu_jian_immortal_techniques, zombieorc2_lemuel,
          kennysheep_path_1, uniq_amaemon, uniq_erica
D:10:     layout_basic, mainiacjoe_overflow_catwalk_spiral, david_lair_generic
D:11:     layout_loops_ring
D:12:     layout_basic, gammafunk_ghost_smash, uniq_psyche, uniq_urug,
          uniq_erolcha
D:13:     layout_basic, tso_altar
D:14:     layout_stronghold, david_vaults_3, nrook_mini_backslash,
          nicolae_fountain_basement
D:15:     hangedman_depths_entry_civil_slaughter, layout_long_grid,
          serial_shops, nicolae_book_shop_shelving, enter_trove_0, minivault_11,
          serial_park_tiny_1
Lair:1:   layout_chaotic_city
Lair:2:   layout_cave_shapes, palyth_hydra_swamp_entry,
          spider_nest_entry_funnel_web, evilmike_ambush
          [evilmike_ambush_outer_basic, evilmike_ambush_inner_pond],
          grunt_megastairs_1
Lair:3:   layout_misc_corridors, ebering_ghost_rock_garden
Lair:4:   layout_cellular_growth, slime_entry_1, hangedman_tree_tricks,
          chequers_serial_rivers_micro_e
Lair:5:   minmay_lair_end_enchanted_forest, layout_hall_layers,
          infiniplex_staircase_pool, grunt_megastairs_5
Swamp:1:  layout_basic_swamp, evilmike_swamp_ruin_rubble_1
Swamp:2:  layout_basic_swamp, nicolae_swamp_small_spring
Swamp:3:  layout_falls_marsh, basic_altar, swamp_pool4, hangedman_swamp_blocks,
          uniq_jorgrun
Swamp:4:  swamp, layout_basic_swamp, ebering_ghost_disaster_area, uniq_aizul,
          uniq_louise
Spider:1: layout_cave_pods, hangedman_spider_trapstep
Spider:2: layout_cave_pods, nicolae_spider_moth_buddies
Spider:3: layout_spider_delve, uniq_arachne
Spider:4: hellmonk_spider_rune_bug_friends
Slime:1:  layout_caves
Slime:2:  layout_caves
Slime:3:  layout_caves
Slime:4:  layout_caves
Slime:5:  slime_pit_nicolae_amoeboid
Orc:1:    layout_caves
Orc:2:    st_orc_open, layout_caves, uniq_donald
Elf:1:    layout_loops_corners, serial_shops, shop, minivault_28,
          lemuel_upstairs_altar
Elf:2:    nicolae_elf_blades_crystal_corner, layout_loops_corners, serial_shops,
          shop, infiniplex_enter_wizlab_water, nicolae_shop_firing_range
Elf:3:    minmay_elf_hall_quartered_circle, layout_gridlike, serial_shops,
          nicolae_shop_tiny_real_fake_doors, gammafunk_ghost_fury_of_okawaru
Vaults:1: hangedman_vaults_nails, vaults_standard_mumra_enter_the_diamond,
          nicolae_vaults_mini_display_case, v_alt_pattern_2,
          nicolae_vaults_theta, nicolae_vaults_tetromino_T_2,
          vaults_mumra_minichess_inversion, vaults_room_pools,
          layout_vaults_quadrants
Vaults:2: special_room_vaults [special_room_orc], nicolae_vaults_sightless_eye,
          minmay_crypt_entry_simple_walls, nicolae_vaults_ninety_degrees,
          nicolae_vaults_little_ls, nicolae_vaults_little_squares_3,
          vaults_mumra_hex, nicolae_vaults_little_squares_6,
          layout_vaults_big_room
Vaults:3: nicolae_vaults_security_offices_3, v_misc_12, vaults_dpeg_spiral,
          nicolae_vaults_network_quincunx
          [nicolae_vaults_network_quincunx_subvault,
          nicolae_vaults_network_quincunx_subvault,
          nicolae_vaults_network_quincunx_subvault,
          nicolae_vaults_network_quincunx_subvault,
          nicolae_vaults_network_quincunx_subvault],
          nicolae_vaults_little_squares_4, ontoclasm_vaults_ring_small,
          nicolae_vaults_diamond_1, v_misc_33, hangedman_vaults_trim,
          ontoclasm_vaults_chip, ontoclasm_vaults_ring_square,
          nicolae_vaults_stepped_doors, nicolae_vaults_double_plus_1,
          nicolae_vaults_offset_grid_hallway_3, layout_vaults_omnibox,
          uniq_frederick, uniq_saint_roka
Vaults:4: nicolae_vaults_spaceships, v_rooms_1, vaults_room_grid,
          vaults_standard_mumra_x, nicolae_vaults_closet_pinwheel_5,
          nicolae_vaults_stairing_the_circle, grunt_vaults_swirl,
          nicolae_vaults_storage_room_water, nicolae_vaults_tangram_1,
          nicolae_vaults_rhombus_7, vaults_mumra_chevron, v_misc_13,
          layout_vaults_maze
Crypt:1:  layout_chaotic_city, grunt_crypt_arrival_split
Crypt:2:  layout_chaotic_city, serial_glass, glass_columns_b, glass_columns_c
Crypt:3:  due_elkab, layout_chaotic_city, tomb_entry_simple_bobbens
Depths:1: layout_forbidden_donut, pan_entry, hell_entry,
          nicolae_vehumet_altar_sigil, uniq_norris
Depths:2: grunt_profane_halls [grunt_profane_temple_dis,
          grunt_profane_temple_geh, grunt_profane_temple_coc,
          grunt_profane_temple_tar, grunt_profane_loot], hell_entry,
          abyss_entry, pan_entry, uniq_asterion
Depths:3: minmay_the_grid_triangle_9x9_recursive_3_mashed
          [minmay_the_grid_triangle_9x9_tough_junction,
          minmay_the_grid_triangle_9x9_minimal,
          minmay_the_grid_triangle_9x9_negative_grid,
          minmay_the_grid_triangle_9x9_prize_top_heavy,
          minmay_the_grid_triangle_9x9_semitri,
          minmay_the_grid_triangle_9x9_swiss_cheese,
          minmay_the_grid_triangle_9x9_corrupted_corridor,
          minmay_the_grid_triangle_9x9_thin_v,
          minmay_the_grid_triangle_9x9_limited_checkers], layout_basic,
          enter_ziggurat_d, abyss_entry_small_statue_room, pan_entry,
          hell_entry, fedhas_altar_fruit_tree
Depths:4: grunt_zot_entry_alcove, layout_honeycomb,
          grunt_hell_entry_demonic_statue, hangedman_decor_peaks_small,
          abyss_entry_crystal, argonaut_fire_from_heaven
Zot:1:    layout_gridlike, gammafunk_ghost_abyssal_escape,
          hangedman_hellfire_club
Zot:2:    layout_concentric_octagons
Zot:3:    layout_cellular_growth, lemuel_elevator
Zot:4:    layout_basic
Zot:5:    layout_misc_corridors

Skill      XL: |  1  2  3  4  5  6  7  8  9 10 11 12 13 14 15 16 17 18 19 20 21 22 23 24 25 26 27 |
---------------+----------------------------------------------------------------------------------+-----
Conjurations   | 2 3 4 5 6 7 8 10 12 | 12.0
Fighting       | 1 3 6 8 10 11 12 13 14 17 18 20 | 20.1
Summonings     | 3 8 9 10 14 16 19 | 19.0
Air Magic      | 1 3 4 5 6 7 8 9 10 11 12 | 12.0
Poison Magic   | 1 2 3 4 8 9 |  9.0
Translocations | 4 9 |  9.0
Evocations     | 2 5 8 |  8.0
Spellcasting   | 4 5 6 7 9 10 12 | 12.0
Invocations    | 5 6 7 9 10 13 14 15 16 | 16.0
Dodging        | 4 7 9 11 12 13 14 17 19 20 24 | 24.0
Hexes          | 4 5 6 7 |  7.0
Short Blades   | 4 7 8 |  8.0
Stealth        | 4 6 |  6.0
Shields        | 5 6 7 9 |  9.0
Armour         | 4 |  4.0
Long Blades    | 10 15 | 15.2
Necromancy     | 12 14 16 | 16.0
Earth Magic    | 6 |  6.0

Action                     |  1- 3 |  4- 6 |  7- 9 | 10-12 | 13-15 | 16-18 | 19-21 | 22-24 | 25-27 || total
---------------------------+-------+-------+-------+-------+-------+-------+-------+-------+-------++-------
  Melee: Spear             |       |     8 |       |       |       |       |       |       |       ||     8
         Peck              |       |     3 |    23 |   222 |   307 |   227 |   138 |  1000 |   992 ||  2912
         Quarterstaff      |       |     9 |   111 |    53 |       |       |       |       |       ||   173
         Kick              |       |     3 |    35 |   394 |   450 |   372 |   240 |  1569 |  1536 ||  4599
         Dagger            |       |       |     6 |   102 |       |       |       |       |       ||   108
         Scimitar          |       |       |       |   126 |       |     4 |       |       |       ||   130
         Punch             |       |       |       |    10 |    16 |       |       |       |       ||    26
         Quick blade       |       |       |       |   541 |   936 |   694 |   432 |  2319 |  1899 ||  6821
         Staff             |       |       |       |       |       |       |    22 |       |       ||    22
         Double sword      |       |       |       |       |       |       |       |    60 |   607 ||   667
  Throw: Dart              |       |       |       |       |       |       |       |     2 |     4 ||     6
         Throwing net      |       |       |       |       |       |       |       |     1 |     2 ||     3
   Cast: Magic Dart        |    92 |   132 |   200 |    62 |     4 |     2 |       |       |       ||   492
         Call Imp          |     3 |    29 |    55 |    73 |    19 |     8 |       |       |       ||   187
         Mephitic Cloud    |       |     6 |    29 |   109 |   118 |    41 |       |       |       ||   303
         Blink             |       |       |    33 |    23 |    15 |    12 |     3 |    14 |     7 ||   107
         Fulminant Prism   |       |       |       |     6 |    17 |     7 |       |       |       ||    30
         Airstrike         |       |       |       |    25 |   149 |   217 |   121 |    15 |       ||   527
         Summon Lightning  |       |       |       |       |    80 |   158 |    94 |    86 |    54 ||   472
         Olgreb's Toxic Ra |       |       |       |       |     3 |   165 |   102 |     5 |       ||   275
         Summon Mana Viper |       |       |       |       |       |    61 |   153 |   208 |   176 ||   598
         Passage of Golubr |       |       |       |       |       |     2 |    21 |     6 |     6 ||    35
         Summon Forest     |       |       |       |       |       |       |    53 |    89 |    80 ||   222
         Silence           |       |       |       |       |       |       |       |     1 |     2 ||     3
         Borgnjor's Vile C |       |       |       |       |       |       |       |       |    35 ||    35
         Haunt             |       |       |       |       |       |       |       |       |   120 ||   120
         Passwall          |       |       |       |       |       |       |       |       |    21 ||    21
         Lesser Beckoning  |       |       |       |       |       |       |       |       |    14 ||    14
         Iskenderun's Myst |       |       |       |       |       |       |       |       |     5 ||     5
 Invoke: Lesser Servant of |       |       |     1 |     1 |       |     5 |     1 |       |       ||     8
         Greater Servant o |       |       |       |       |     1 |     2 |     3 |     6 |     1 ||    13
         Minor Destruction |       |       |       |       |       |     3 |     4 |       |       ||     7
         Major Destruction |       |       |       |       |       |       |       |     7 |       ||     7
  Evoke: Wand              |       |       |     2 |     6 |     2 |    14 |     1 |     5 |     4 ||    34
    Use: Scroll            |     3 |     3 |     5 |     7 |     2 |     4 |     5 |    10 |    33 ||    72
         Potion            |       |       |       |       |       |     1 |     2 |    16 |       ||    19
   Stab: Confused          |       |     1 |     4 |    73 |    88 |    28 |       |       |       ||   194
         Sleeping          |       |       |       |     4 |     4 |     3 |       |     4 |    17 ||    32
         Distracted        |       |       |       |     2 |     9 |    14 |    19 |    69 |    71 ||   184
         Invisible         |       |       |       |       |       |       |       |     5 |       ||     5
 Armour: Robe              |     2 |       |       |       |    25 |   148 |       |       |       ||   175
         Leather armour    |       |    32 |    98 |   208 |   119 |    89 |   144 |   270 |       ||   960
         Troll leather arm |       |       |       |       |       |       |       |   168 |   574 ||   742
         Skin              |       |       |       |       |       |       |       |     1 |       ||     1
  Dodge: Dodged            |    11 |    44 |   143 |   567 |   485 |   481 |   355 |  1442 |  1694 ||  5222
         Repelled          |       |       |       |     4 |     8 |    10 |     7 |    22 |    30 ||    81
  Block: Buckler           |       |       |       |       |       |   262 |   191 |   765 |   963 ||  2181
         Reflection        |       |       |       |       |       |    12 |    25 |    28 |    18 ||    83

Table legend: (Time is in decaauts)
 A = Elapsed time spent in this place.
 B = Non-inter-level travel time spent in this place.
 C = Inter-level travel time spent in this place.
 D = Time resting spent in this place.
 E = Time spent auto-exploring this place.
 F = Levels seen in this place.
 G = Mean time per level.
                   A        B        C        D        E       F      G
               +--------+--------+--------+--------+--------+-----+--------+
         Total | 118004 | 100556 |  17448 |  43140 |  18187 |  56 | 2107.2 |
       Dungeon |  37734 |  28457 |   9277 |  10720 |   5212 |  15 | 2515.6 |
          Lair |  10797 |   8846 |   1951 |   2631 |   2882 |   5 | 2159.4 |
         Swamp |   8999 |   8285 |    714 |   5210 |    649 |   4 | 2249.8 |
   Spider Nest |  11367 |  10493 |    874 |   6179 |   1172 |   4 | 2841.8 |
    Slime Pits |   2979 |   2631 |    348 |   1068 |    203 |   5 |  595.8 |
  Orcish Mines |   1754 |   1276 |    478 |     64 |    729 |   2 |  877.0 |
   Elven Halls |   9633 |   8744 |    889 |   4421 |    939 |   3 | 3211.0 |
        Vaults |   8766 |   7989 |    777 |   2827 |   2090 |   4 | 2191.5 |
         Crypt |   4737 |   4405 |    332 |   1563 |   1097 |   3 | 1579.0 |
        Depths |   8491 |   7606 |    885 |   3153 |   1124 |   4 | 2122.8 |
           Zot |  10509 |   9590 |    919 |   4496 |   2090 |   5 | 2101.8 |
         Trove |     46 |     46 |      0 |      0 |      0 |   1 |   46.0 |
        Wizlab |   2186 |   2186 |      0 |    806 |      0 |   1 | 2186.0 |
               +--------+--------+--------+--------+--------+-----+--------+

Top non-repeatable levels by time:
     D:8: 4356 daAuts
   Elf:3: 4184 daAuts
     D:7: 4105 daAuts
     D:6: 3813 daAuts
Spider:2: 3367 daAuts
Spider:4: 3175 daAuts
 Swamp:3: 3162 daAuts
  Lair:2: 3069 daAuts
    D:15: 2894 daAuts
     D:3: 2892 daAuts
   Zot:5: 2870 daAuts
Depths:4: 2858 daAuts
   Zot:4: 2823 daAuts
   Elf:1: 2797 daAuts
   Elf:2: 2652 daAuts
